 Dungeon Crawl Stone Soup version 0.32-a0-35-gd9ff480968 (webtiles) character file.

Game seed: 9327630422500248247

81 IdlyInterested the Charlatan (level 4, -2/26 (33) HPs)
             Began as a Demonspawn Wanderer on Jan 22, 2024.
             Slain by p00ps00p's ghost (4 damage)
             ... on level 3 of the Dungeon.
             The game lasted 00:09:22 (2346 turns).

IdlyInterested the Charlatan (Demonspawn Wanderer)  Turns: 2346, Time: 00:09:24

HP:   -2/26 (33)    AC:  3    Str: 11 (12) XL:     4   Next: 19%
MP:   1/5           EV: 11    Int: 14 (16) God:
Gold: 179           SH:  0    Dex:  9 (11) Spells: 1/5 levels left

rFire   . . .        g - staff of alchemy
rCold   . . .        (no shield)
rNeg    . . .        c - +0 robe
rPois   +            (helmet restricted)
rElec   .            (no cloak)
rCorr   +            (no gloves)
SInv    .            u - +0 pair of boots
Will    +....        (no amulet)
Stlth   +            r - ring of resist corrosion
HPRegen 0.24/turn    (no ring)
MPRegen 0.09/turn

%: no passive effects
@: enlightened, flying, hasted, heavily drained, very quick
A: antennae 1, demonic guardian 1, spiny 1
a: no special abilities


You were on level 3 of the Dungeon.
You visited 1 branch of the dungeon, and saw 3 of its levels.

You collected 179 gold pieces.

Inventory:

Hand Weapons
 a - a +1 club
Missiles
 j - 8 stones
 q - 2 poisoned darts
Armour
 c - a +0 robe (worn)
 f - a +0 ring mail
 n - a +0 plate armour
 o - a +0 chain mail
 u - a +0 pair of boots (worn)
Magical Staves
 g - a staff of alchemy (weapon)
 p - a staff of air
Jewellery
 r - a ring of resist corrosion (left hand)
Wands
 d - a wand of polymorph (2)
 v - a wand of iceblast (5)
Scrolls
 h - a scroll of enchant armour {unknown}
 i - a scroll of enchant weapon
 m - a scroll of fear {unknown}
 s - a scroll of identify {unknown}
 w - a scroll of fog {unknown}
 x - 3 scrolls of poison {unknown}
Potions
 b - a potion of mutation
 e - a potion of haste


   Skills:
 - Level 2.0 Fighting
 * Level 2.1 Staves
 - Level 1.0 Armour
 - Level 1.0 Dodging
 + Level 0.3 Stealth
 - Level 1.0 Spellcasting
 - Level 1.0 Fire Magic
 - Level 2.0 Alchemy
 - Level 2.0 Invocations
 - Level 4.0 Evocations


You had one spell level left.
You knew the following spells:

 Your Spells              Type           Power      Damage    Failure   Level
a - Mephitic Cloud        Conj/Alch/Air  3%         N/A       52%         3
b - Foxfire               Conj/Fire      8%         2x1d4     22%         1

Your spell library contained the following spells:

 Spells                   Type           Power      Damage    Failure   Level
 Sting                    Conj/Alch      20%        1d4       17%         1
 Shock                    Conj/Air       0%         1d3       26%         1
 Inner Flame              Hex/Fire       2%         N/A       54%         3
 Swiftness                Air            0%         N/A       61%         3
 Leda's Liquefaction      Alch/Erth      2%         N/A       86%         4
 Airstrike                Air            0%         2d(0-16)  95%         4


Dungeon Overview and Level Annotations

Branches:
Dungeon (3/15)

Altars:

Annotations:
D:3 p00ps00p's ghost, amateur HOFi


Innate Abilities, Weirdness & Mutations

You have a pair of small antennae on your head.
A weak demonic guardian rushes to your aid.
You are partially covered in sharp spines.


Message History

You hit p00ps00p's ghost.
P00ps00p's ghost is lightly damaged.
The foxfire hits p00ps00p's ghost but does no damage.
P00ps00p's ghost is lightly damaged.
The foxfire hits p00ps00p's ghost.
P00ps00p's ghost is moderately damaged.
P00ps00p's ghost closely misses you. P00ps00p's ghost barely misses you.
It was a potion of haste.
You feel yourself speed up.
P00ps00p's ghost is struck by your spines.
P00ps00p's ghost hits you.
* * * LOW HITPOINT WARNING * * *
You feel drained.
Unknown command.
It was a potion of enlightenment.
You feel very buoyant.
You fly up into the air.
It was a potion of degeneration.
There was something very wrong with that liquid.
You feel weakened.
You feel dopey.
You feel clumsy.
P00ps00p's ghost is struck by your spines.
P00ps00p's ghost closely misses you.
It was a potion of curing.
You feel better.
P00ps00p's ghost is struck by your spines.
P00ps00p's ghost barely misses you.
You hit p00ps00p's ghost.
P00ps00p's ghost is heavily damaged.
You hit p00ps00p's ghost but do no damage.
P00ps00p's ghost is heavily damaged.
P00ps00p's ghost hits you but does no damage.
You feel drained.
You hit p00ps00p's ghost.
P00ps00p's ghost is heavily damaged.
P00ps00p's ghost hits you.
You feel drained.
You hit p00ps00p's ghost but do no damage.
P00ps00p's ghost is heavily damaged.
P00ps00p's ghost whispers, "There is no future for you."
P00ps00p's ghost hits you!
* * * LOW HITPOINT WARNING * * *
A demonic guardian appears!
You feel drained.
You die...

.....# .....# ############ .....#
#..........####### .....#
#)#............... .....#
#)#8.o..o).......8 .....##
#.#######W''###### ......###
#)##..........)..#
#.......########W##....#####....#
#.....#.........@5#.###.....###.#
.......##########.#.#8#..8..#8#?#
.......# ##.#............ #
.......##### #..#8....[_....
...........# #.## ......<###.###
#.# .....>..##...# #.#
..........##.# #.# #.........##.#
#.#


You could see p00ps00p's ghost (ally target) and a friendly shadow imp
(summoned).

Vanquished Creatures
  A river rat (D:3)
  2 ribbon worms (D:2)
  6 orcs (D:3)
  3 endoplasms (D:1)
  4 giant cockroaches
  4 goblins
  2 hobgoblins
  4 jackals (D:3)
  A quokka (D:1)
  7 ball pythons
  2 bats (D:1)
  3 frilled lizards (D:1)
  4 kobolds
  8 rats
51 creatures vanquished.

Vanquished Creatures (collateral kills)
  An adder (D:2)
  A bat (D:2)
2 creatures vanquished.

Vanquished Creatures (others)
  11 foxfires (D:3)
11 creatures vanquished.

Grand Total: 64 creatures vanquished

Notes
Turn   | Place    | Note
-------+----------+-------------------------------------------
     0 | D:1      | IdlyInterested the Demonspawn Wanderer began the quest for
                  | the Orb.
     0 | D:1      | IdlyInterested set off with the following items: a +0 club,
                  | a potion of mutation, a +0 robe, a wand of polymorph (5);
                  | and the following spells available to memorise: Sting,
                  | Foxfire, Mephitic Cloud, Inner Flame, Leda's Liquefaction.
     0 | D:1      | Reached XP level 1. HP: 13/13 MP: 2/2
    74 | D:1      | Reached skill level 1 in Fighting
   117 | D:1      | Gained mutation: A weak demonic guardian rushes to your
                  | aid. [demonic ancestry]
   117 | D:1      | Reached XP level 2. HP: 12/21 MP: 3/3
   870 | D:2      | Reached skill level 1 in Staves
   951 | D:2      | Gained mutation: You have a pair of small antennae on your
                  | head. [demonic ancestry]
   951 | D:2      | Reached XP level 3. HP: 26/27 MP: 4/4
  1563 | D:2      | Learned a level 3 spell: Mephitic Cloud
  1696 | D:2      | Learned a level 1 spell: Foxfire
  1983 | D:3      | Found a runed translucent gate.
  1983 | D:3      | Noticed p00ps00p's ghost (amateur HOFi)
  1985 | D:3      | Found a runed translucent gate.
  1986 | D:3      | Found a runed translucent gate.
  2039 | D:3      | Noticed Ijyb
  2040 | D:3      | Ijyb changed into Ijyb the gnoll
  2040 | D:3      | Noticed Ijyb
  2041 | D:3      | Ijyb the gnoll changed into Ijyb the river rat
  2041 | D:3      | Noticed Ijyb
  2048 | D:3      | Killed Ijyb the river rat
  2049 | D:3      | Reached skill level 1 in Armour
  2127 | D:3      | Found a faded altar of an unknown god.
  2304 | D:3      | Gained mutation: You are partially covered in sharp spines.
                  | [demonic ancestry]
  2304 | D:3      | Reached XP level 4. HP: 33/33 MP: 3/5
  2346 | D:3      | Slain by p00ps00p's ghost

Illustrated notes

Levels and vault maps discovered:
D:1:      dpeg_arrival_rooms_a, layout_rooms, serial_bayou,
          serial_bayou_shore_b, serial_bayou_pond_e, serial_bayou_pond_b,
          serial_bayou_pond_d
D:2:      layout_loops_cross, nicolae_wormholes
D:3:      layout_rooms, shapermc_ecumenical_altar_notcrosses,
          biasface_ghost_orc_armoury, serial_park_tiny_pond,
          nicolae_twisty_statue_hallways, uniq_ijyb

Skill      XL: |  1  2  3 |
---------------+----------+-----
Fighting       | 1 2 |  2.0
Invocations    | 2 |  2.0
Staves         | 1 2 |  2.1
Armour         | 1 |  1.0
Dodging        | |  1.0
Stealth        | |  0.3
Spellcasting   | |  1.0
Fire Magic     | |  1.0
Alchemy        | |  2.0
Evocations     | |  4.0

Action                     |  1- 3 |  4- 6 || total
---------------------------+-------+-------++-------
  Melee: Club              |    19 |       ||    19
         Staff             |   146 |    19 ||   165
         Punch             |     2 |       ||     2
  Throw: Stone             |     8 |     1 ||     9
   Cast: Foxfire           |     1 |     5 ||     6
  Evoke: Wand              |     2 |     1 ||     3
    Use: Scroll            |     1 |       ||     1
         Potion            |       |     4 ||     4
 Armour: Ring mail         |   122 |       ||   122
         Robe              |       |    16 ||    16
  Dodge: Dodged            |   114 |    12 ||   126

Table legend: (Time is in decaauts)
 A = Elapsed time spent in this place.
 B = Non-inter-level travel time spent in this place.
 C = Inter-level travel time spent in this place.
 D = Time resting spent in this place.
 E = Time spent auto-exploring this place.
 F = Levels seen in this place.
 G = Mean time per level.
                   A        B        C        D        E       F      G
               +--------+--------+--------+--------+--------+-----+--------+
         Total |   2379 |   2158 |    221 |    268 |   1305 |   3 |  793.0 |
       Dungeon |   2379 |   2158 |    221 |    268 |   1305 |   3 |  793.0 |
               +--------+--------+--------+--------+--------+-----+--------+

Top non-repeatable levels by time:
     D:2: 901 daAuts
     D:1: 852 daAuts
     D:3: 626 daAuts
